 Dungeon Crawl Stone Soup version 0.28.0-53-g5a82cb258f (webtiles) character file.

Game seed: 1815944922964865444

420 acdeimund the Poker (level 6, -2/48 HPs)
             Began as a Merfolk Ice Elementalist on July 29, 2022.
             Was a Follower of Okawaru.
             Slain by an ogre
             ... wielding a +0 giant club
              (17 damage)
             ... on level 5 of the Dungeon.
             The game lasted 00:25:08 (6503 turns).

acdeimund the Poker (Merfolk Ice Elementalist)      Turns: 6503, Time: 00:25:09

Health: -2/48      AC:  8    Str: 10    XL:     6   Next: 94%
Magic:  3/9        EV: 14    Int: 15    God:    Okawaru [*.....]
Gold:   139        SH:  0    Dex: 14    Spells: 5/9 levels left

rFire   . . .      SeeInvis .   g - +0 spear
rCold   . . .      Faith    .   (no shield)
rNeg    . . .      Spirit   .   a - +0 robe
rPois   .          Reflect  .   (no helmet)
rElec   .          Harm     .   (no cloak)
rCorr   .          Rampage  .   (no gloves)
Will    .....                   (no boots)
Stlth   ++........              (no amulet)
HPRegen 0.16/turn               (no ring)
MPRegen 0.11/turn               (no ring)

@: ice-armoured
A: (nimble swimmer 2), mertail
a: Renounce Religion, Heroism


You were on level 5 of the Dungeon.
You worshipped Okawaru.
Okawaru was aware of your devotion.
You visited 2 branches of the dungeon, and saw 6 of its levels.

You collected 139 gold pieces.

Inventory:

Hand Weapons
 e - a +0 short sword
 f - a +2 short sword of speed
 g - a +0 spear (weapon)
 j - a +0 trident
Missiles
 l - 11 poisoned darts
Armour
 a - a +0 robe (worn)
Magical Staves
 b - a staff of conjuration
 m - a staff of cold
Wands
 d - a wand of charming (3)
 h - a wand of acid (8)
 i - a wand of polymorph (10)
Potions
 c - 3 potions of degeneration
 k - a potion of haste
 o - a potion of curing


   Skills:
 + Level 3.9 Fighting
 + Level 6.0 Polearms
 + Level 5.6 Dodging
 - Level 2.1 Stealth
 - Level 2.0 Spellcasting
 - Level 4.3 Ice Magic


You had 5 spell levels left.
You knew the following spells:

 Your Spells              Type           Power      Damage    Failure   Level
a - Freeze                Ice            56%        1d7       3%          1
b - Ozocubu's Armour      Ice            14%        N/A       11%         3

Your spell library contained the following spells:

 Spells                   Type           Power      Damage    Failure   Level
 Frozen Ramparts          Ice            28%        1d4       11%         3
 Apportation              Tloc           2%         N/A       22%         1
 Pain                     Necr           4%         1d4       22%         1
 Shock                    Conj/Air       4%         1d3       22%         1
 Portal Projectile        Hex/Tloc       2%         N/A       54%         3
 Swiftness                Air            1%         N/A       54%         3
 Vampiric Draining        Necr           1%         2d6       54%         3
 Hailstorm                Conj/Ice       8%         3d4       65%         4
 Airstrike                Air            0%         N/A       91%         4
 Alistair's Intoxication  Tmut/Pois      0%         N/A       99%         5
 Blade Hands              Tmut           0%         N/A       99%         5
 Excruciating Wounds      Necr           0%         N/A       99%         5
 Animate Skeleton         Necr           Unusable   N/A       N/A         1

Dungeon Overview and Level Annotations

Branches:
Dungeon (5/15)             Temple (1/1) D:4

Altars:
Ashenzari
Cheibriados
Dithmenos
Elyvilon
Fedhas
Makhleb
Okawaru
Qazlal
Ru
Sif Muna
Xom
Yredelemnul
Zin
The Shining One

Shops:
D:3 [   D:4 (   D:5 :

Annotations:
D:5 Ijyb


Innate Abilities, Weirdness & Mutations

((You are very nimble when in or above water. (Stealth+, EV+, Speed+++)))
Your lower body shifts to a powerful aquatic tail in water.


Message History

It is a scroll of amnesia.
Really abort (and waste the scroll)?
Okay, then.
An adder is nearby!
An ogre comes into view. It is wielding a +0 giant club.
You reach to attack!
You closely miss the ogre.
The ogre shouts!
Casting: Freeze (safe; 3% risk of failure)
Confirm with . or Enter, or press ? or * to list all spells.
A film of ice covers your body! The ogre barely misses you.
You hit the ogre.
The ogre is lightly wounded.
The ogre barely misses you.
You hit the ogre.
The ogre is lightly wounded.
You barely miss the ogre.
The ogre is lightly wounded.
The ogre hits you with a +0 giant club!
You hit the ogre.
The ogre is lightly wounded.
Aiming: Freeze (safe; 3% risk of failure)
Press: ? - help, Q - select action, (/) - cycle Shift-Dir - straight line, f/p - ogre
Aim: an ogre, wielding a +0 giant club (lightly wounded)
You freeze the ogre!
The ogre is heavily wounded.
The ogre barely misses you.
Aiming: Freeze (safe; 3% risk of failure)
Press: ? - help, Q - select action, (/) - cycle Shift-Dir - straight line, f/p - ogre
Aim: an ogre, wielding a +0 giant club (heavily wounded)
You freeze the ogre.
The ogre is heavily wounded.
The ogre hits you with a +0 giant club!!
Ouch! That really hurt!
Aiming: Freeze (safe; 3% risk of failure)
Press: ? - help, Q - select action, (/) - cycle Shift-Dir - straight line, f/p - ogre
Aim: an ogre, wielding a +0 giant club (heavily wounded)
You freeze the ogre.
The ogre is severely wounded.
The ogre hits you with a +0 giant club!
You die...

## ### ##......
##8###8## ##.......
##.......## #........
#8.>.∩.<.8#####......<.
#......................
#..8...8...............
#...#..................
######.................
#@........#.......
#O......(.........
..................
##...........
............
##..#.#.###. ######
##.....# ##.....##
.#.... ##.......#


You could see an ogre.

Vanquished Creatures
  A phantom (D:4)
  A kobold brigand (D:4)
  A jelly (D:3)
  An orc priest (Temple)
  A bullfrog skeleton (D:4)
  A hound skeleton (D:4)
  4 gnolls
  2 adders
  An adder skeleton (D:4)
  A worm (D:3)
  3 dart slugs
  5 orcs
  6 ball pythons
  8 endoplasms
  3 giant cockroaches
  6 goblins
  9 hobgoblins
  3 jackals (D:2)
  4 quokkas
  4 bats (D:1)
  3 frilled lizards
  27 kobolds
  10 rats
105 creatures vanquished.

Vanquished Creatures (others)
  48 plants (D:4)
48 creatures vanquished.

Grand Total: 153 creatures vanquished

Notes
Turn   | Place    | Note
-------+----------+-------------------------------------------
     0 | D:1      | acdeimund the Merfolk Ice Elementalist began the quest for
                  | the Orb.
     0 | D:1      | Reached XP level 1. HP: 13/13 MP: 3/3
   144 | D:1      | Reached skill level 1 in Fighting
   144 | D:1      | Reached XP level 2. HP: 17/21 MP: 0/5
   723 | D:1      | Reached XP level 3. HP: 24/27 MP: 3/6
  1690 | D:2      | Reached XP level 4. HP: 30/34 MP: 3/7
  2194 | D:3      | Found Jyperof's Antique Armour Shoppe.
  2427 | D:3      | Reached skill level 1 in Polearms
  2631 | D:3      | Reached skill level 2 in Polearms
  2725 | D:3      | Found a shadowy altar of Dithmenos.
  2796 | D:3      | You fall into a shaft and drop 2 floors!
  2796 | D:5      | Entered Level 5 of the Dungeon
  2799 | D:5      | Noticed Ijyb
  2983 | D:3      | Reached skill level 3 in Polearms
  2983 | D:3      | Reached XP level 5. HP: 39/39 MP: 5/8
  3061 | D:3      | Learned a level 3 spell: Ozocubu's Armour
  3317 | D:2      | Reached skill level 4 in Polearms
  3989 | D:4      | Found a staircase to the Ecumenical Temple.
  3994 | Temple   | Entered the Ecumenical Temple
  4051 | Temple   | Became a worshipper of Warmaster Okawaru
  4243 | D:4      | Noticed a phantom
  4299 | D:4      | Killed a phantom
  4300 | D:4      | Reached skill level 5 in Polearms
  4300 | D:4      | Reached XP level 6. HP: 14/47 MP: 9/9
  5076 | Temple   | Reached skill level 5 in Dodging
  5165 | D:4      | Reached * piety under Okawaru
  5914 | D:4      | Found Piunud's Antique Weapon Emporium.
  6179 | D:4      | Reached skill level 6 in Polearms
  6476 | D:5      | Found Mikig's Book Shoppe.
  6503 | D:5      | Slain by an ogre

Illustrated notes

Levels and vault maps discovered:
D:1:      tarquinn_simple_flora_water_a, layout_basic, minmay_misc_feat_x
D:2:      kennysheep_six_static_rooms, layout_basic
D:3:      layout_loops_corners, grunt_dithmenos_smoke, serial_shops,
          nicolae_square_shop, nrook_loot_triangle
D:4:      kennysheep_kobold_camp, layout_gridville, temple_doors_e,
          serial_shops, nicolae_shop_overgrown_old_shop
D:5:      layout_rooms, serial_shops, shop, solitary_fountain,
          nicolae_stop_n_shop_2, uniq_duvessa, uniq_ijyb
Temple:   cyrus_circular_temple

Skill      XL: |  1  2  3  4  5  6 |
---------------+-------------------+-----
Dodging        | 3 4 5 |  5.6
Fighting       | 1 2 3 |  3.9
Polearms       | 3 5 6 |  6.0
Stealth        | |  2.1
Spellcasting   | |  2.0
Ice Magic      | |  4.3

Action                   |  1- 3 |  4- 6 || total
-------------------------+-------+-------++-------
Melee: Staff             |     1 |       ||     1
       Short sword       |    26 |     9 ||    35
       Trident           |       |    37 ||    37
       Spear             |       |    94 ||    94
       Punch             |       |     1 ||     1
 Cast: Freeze            |    51 |    76 ||   127
       Ozocubu's Armour  |       |     2 ||     2
  Use: Scroll            |       |     6 ||     6
       Potion            |       |     3 ||     3
 Stab: Sleeping          |     3 |     7 ||    10
Armor: Robe              |     8 |    22 ||    30
Dodge: Dodged            |    43 |   119 ||   162
